 Dungeon Crawl Stone Soup version 0.31-a0-1388-g4b2ba238e7 (webtiles) character file.

Game seed: 1719536595794748862

156629 greenreed the Slayer (level 17, -15/178 HPs)
             Began as a Minotaur Fighter on Dec 24, 2023.
             Was the Champion of Wu Jian.
             Demolished by a naga warrior
             ... wielding a +0 battleaxe
              (20 damage)
             ... on level 4 of the Snake Pit.
             The game lasted 01:26:04 (24558 turns).

greenreed the Slayer (Minotaur Fighter)            Turns: 24558, Time: 01:26:05

Health: -15/178    AC: 28    Str: 16    XL:     17   Next: 10%
Magic:  16/16      EV:  5    Int:  3    God:    Wu Jian [******]
Gold:   2549       SH: 10    Dex: 16    Spells: 13/16 levels left

rFire   + . .        s - +3 demon blade (vamp)
rCold   + . .        O - +1 buckler {reflect}
rNeg    + + +        y - +3 chain mail {rF+}
rPois   +            B - +1 hat
rElec   +            d - +0 cloak of the Depths {rElec rC+ Str-5}
rCorr   .            S - +2 pair of gloves of the Doldrums {rN+ Int-2 Slay+2}
SInv    .            P - +3 pair of seven-league boots {Rampage+∞}
Will    +++..        z - amulet of Milaser {Acrobat +Blink rN++ Str-2 Stlth+} Stlth
                     n - ring of willpower
HPRegen 0.49/turn    G - ring "Xuavun" {rN+ Will+}
MPRegen 0.15/turn

%: reflection, acrobat
@: lethally poisoned (-15 -> -25), constricted
A: horns 2, retaliatory headbutt, hooves 1, poison resistance
a: Renounce Religion, Evoke Blink, Wall Jump, Serpent's Lash, Heavenly Storm


You were on level 4 of the Snake Pit.
You worshipped Wu Jian.
Wu Jian was exalted by your worship.
You visited 5 branches of the dungeon, and saw 27 of its levels.
You also visited: Bailey and Ice Cave.

You collected 4067 gold pieces.
You spent 1518 gold pieces at shops.

Inventory:

Hand Weapons
 o - a +2 whip of electrocution
 s - a +3 vampiric demon blade (weapon)
 C - a +0 arbalest of freezing
Missiles
 H - 2 throwing nets
Armour
 d - the +0 cloak of the Depths (worn) {rElec rC+ Str-5}
   (You acquired it on level 8 of the Dungeon)

   Str-5:     It affects your strength (-5).
   rC+:       It protects you from cold.
   rElec:     It insulates you from electricity.
 y - a +3 chain mail of fire resistance (worn)
 B - a +1 hat (worn)
 O - a +1 buckler of reflection (worn)
 P - the +3 pair of seven-league boots (worn) {Rampage+∞}
   (You bought it in a shop on level 5 of the Dungeon)

   Rampage+∞: When moving toward enemies, its wearer moves as far as possible,
   alerting their target en route.
 S - the +2 pair of gloves of the Doldrums (worn) {rN+ Int-2 Slay+2}
   (You found it on level 12 of the Dungeon)

   Int-2:     It affects your intelligence (-2).
   Slay+2:    It affects your accuracy & damage with ranged weapons and melee
   (+2).
   rN+:       It protects you from negative energy.
Jewellery
 n - a ring of willpower (left hand)
 z - the amulet of Milaser (around neck) {Acrobat +Blink rN++ Str-2 Stlth+}
   (You found it in an ice cave)

   [amulet of the acrobat]

   Acrobat:   It increases your evasion while moving and waiting.
   Str-2:     It affects your strength (-2).
   rN++:      It greatly protects you from negative energy.
   +Blink:    It lets you blink.
   Stlth+:    It makes you more stealthy.
 A - a ring of ice
 G - the ring "Xuavun" (right hand) {rN+ Will+}
   (You found it in an ice cave)

   [ring of willpower]

   rN+:       It protects you from negative energy.
   Will+:     It increases your willpower.
 I - an amulet of faith
 M - a ring of see invisible
 R - a ring of protection from fire
 U - a ring of wizardry
Wands
 a - a wand of digging (19)
 h - a wand of mindburst (9)
 t - a wand of paralysis (36)
 x - a wand of flame (53)
 D - a wand of quicksilver (16)
 F - a wand of polymorph (9)
 Q - a wand of iceblast (22)
Scrolls
 b - 3 scrolls of enchant armour
 c - 4 scrolls of fog
 f - 4 scrolls of immolation
 j - 2 scrolls of amnesia
 l - 6 scrolls of silence
 r - 10 scrolls of teleportation
 v - 4 scrolls of blinking
 w - 9 scrolls of fear
 E - 2 scrolls of poison
 K - a scroll of brand weapon
 T - 2 scrolls of vulnerability
 X - a scroll of revelation {unknown}
 Z - a scroll of torment {unknown}
Potions
 e - 4 potions of mutation
 g - 9 potions of curing
 k - 2 potions of enlightenment
 m - 2 potions of resistance
 p - a potion of berserk rage
 q - 4 potions of invisibility
 u - 4 potions of heal wounds {unknown}
 J - 4 potions of magic
 L - 5 potions of haste
 N - 3 potions of cancellation {unknown}
 V - 2 potions of brilliance {unknown}
 W - 2 potions of attraction {unknown}
 Y - 4 potions of might
Miscellaneous
 i - a phial of floods


   Skills:
 * Level 22.5 Fighting
 + Level 17.2 Long Blades
 - Level 5.8 Maces & Flails
 + Level 16.6 Armour
 + Level 20.0 Shields
 + Level 4.7 Evocations


You had 13 spell levels left.
You knew the following spells:

 Your Spells              Type           Power      Damage    Failure   Level
a - Fugue of the Fallen   Necr           0%         N/A       100%        3

Your spell library contained the following spells:

 Spells                   Type           Power      Damage    Failure   Level
 Kiss of Death            Conj/Necr      0%         2d5       98%         1
 Magic Dart               Conj           0%         1d3       98%         1
 Ensorcelled Hibernation  Hex/Ice        0%         N/A       99%         2
 Passwall                 Alch/Erth      0%         N/A       99%         2
 Searing Ray              Conj           0%         2d4       99%         2
 Dazzling Flash           Conj/Hex       0%         N/A       100%        3
 Hailstorm                Conj/Ice       0%         3d5       100%        3
 Inner Flame              Hex/Fire       0%         N/A       100%        3
 Mephitic Cloud           Conj/Alch/Air  0%         N/A       100%        3
 Ozocubu's Armour         Ice            0%         N/A       100%        3
 Swiftness                Air            0%         N/A       100%        3
 Volatile Blastmotes      Fire/Tloc      0%         2d10      100%        3
 Brom's Barrelling Bould  Conj/Erth      0%         2d3       100%        4
 Fulminant Prism          Conj/Alch      0%         3d5       100%        4
 Iskenderun's Mystic Bla  Conj/Tloc      0%         2d3       100%        4
 Manifold Assault         Tloc           0%         N/A       100%        4
 Olgreb's Toxic Radiance  Alch           0%         N/A       100%        4
 Summon Ice Beast         Ice/Summ       0%         N/A       100%        4
 Vhi's Electric Charge    Tloc/Air       0%         N/A       100%        4
 Agony                    Necr           0%         N/A       100%        5
 Alistair's Intoxication  Alch           0%         N/A       100%        5
 Arcjolt                  Conj/Air       0%         1d10      100%        5
 Borgnjor's Vile Clutch   Necr/Erth      0%         N/A       100%        5
 Fireball                 Conj/Fire      0%         3d3       100%        5
 Irradiate                Conj/Alch      0%         3d11      100%        5
 Iskenderun's Battlesphe  Conj           0%         2d6       100%        5
 Silence                  Hex/Air        0%         N/A       100%        5
 Summon Forest            Summ/Tloc      0%         N/A       100%        5
 Summon Mana Viper        Hex/Summ       0%         N/A       100%        5
 Conjure Ball Lightning   Conj/Air       0%         3x3d6     100%        6
 Eringya's Noxious Bog    Alch           0%         4d6       100%        6
 Plasma Beam              Fire/Air       0%         2x1d10    100%        6
 Simulacrum               Ice/Necr       0%         N/A       100%        6
 Summon Cactus Giant      Summ           0%         N/A       100%        6
 Orb of Destruction       Conj           0%         9d5       100%        7
 Ozocubu's Refrigeration  Ice            0%         4d7       100%        7
 Summon Hydra             Summ           0%         N/A       100%        7
 Discord                  Hex            0%         N/A       100%        8
 Disjunction              Tloc           0%         N/A       100%        8
 Ignition                 Fire           0%         3d3       100%        8


Dungeon Overview and Level Annotations

Branches:
Dungeon (15/15)            Temple (1/1) D:5            Lair (5/5) D:11
  Swamp (0/4) Lair:2        Snake (4/4) Lair:3        Slime (0/5) Lair:4
    Orc (2/2) D:12            Elf (0/3) Orc:2        Vaults (0/5) D:13
 Depths (0/4) D:15         Bailey (visited)           IceCv (visited)

Altars:
Ashenzari
Cheibriados
Dithmenos
Elyvilon
Fedhas
Gozag
Hepliaklqana
Kikubaaqudgha
Makhleb
Nemelex Xobeh
Okawaru
Qazlal
Ru
Sif Muna
Trog
Uskayaw
Vehumet
Wu Jian
Xom
Yredelemnul
Zin
The Shining One
Jiyva

Shops:
D:5 [   D:12 (   Orc:2 (?(

Annotations:
D:14 2 transporters


Innate Abilities, Weirdness & Mutations

You have a pair of horns on your head.
You reflexively headbutt those who attack you in melee.
You have large cloven feet.
Your system is resistant to poisons. (rPois)


Message History

Aiming: Mindburst
Press: ? - help, Shift-Dir - straight line, f - black mamba
Aim: a black mamba (chance to affect: 81%)
The black mamba barely resists.
You feel very sick. You block the nagaraja's attack.
You block the guardian serpent's attack.
The nagaraja casts a spell at you. You resist with almost no effort.
The nagaraja constricts you.
The black mamba bites you but does no damage.
The nagaraja spits poison at you. The splash of poison hits you.
You are more poisoned.
You resist. The naga hits you with a +0 scimitar! The naga spits poison at you.
The splash of poison hits you but does no damage.
You resist. The nagaraja hits you with a +0 flail!
The naga warrior barely misses you. The guardian serpent barely misses you.
You furiously retaliate!
You headbutt the guardian serpent, but do no damage.
The nagaraja casts a spell at you. You resist with almost no effort.
The nagaraja constricts you. The black mamba bites you.
Aiming: Mindburst
Press: ? - help, Shift-Dir - straight line, f/p - black mamba
Aim: a black mamba (chance to affect: 81%)
The black mamba barely resists.
You feel very sick. The black mamba barely misses you.
The nagaraja hits you with a +0 flail!!!
The guardian serpent hits you!
* * * LOW HITPOINT WARNING * * *
The nagaraja gestures at you while chanting.
You resist with almost no effort. The nagaraja constricts you.
You block the nagaraja's attack. The naga hits you with a +0 scimitar!!!
* * * LOW HITPOINT WARNING * * *
The naga hits you with a +0 halberd.
* * * LOW HITPOINT WARNING * * *
The naga warrior hits you with a +0 battleaxe!!
You die...

#.....##....# ##...
#..(..##....##........ #...
#.....##....##.....§. #...
#.....##....##...... #...
#.....##....##..§..# #...
#.....##....##.....# #...
#...........##.....# #...
#......†....##NNN..## ##...
#...........##S@S...########....
#...........##NNN...............
#...........##..................
#######.....####'###............
########....####.####.......†...
#..................#########....
#..................# ##...
#..................# #...
#..................# #...


You could see 3 nagarajas, a naga warrior, a guardian serpent, a black mamba and
2 nagas.

Vanquished Creatures
  Frances (Snake:2)
  Agnes (Snake:1)
  A nagaraja (Snake:4)
  Roxanne (Snake:2)
  The ghost of Laraso the Grappler, a journeyman TrCA of Ignis (Lair:5)
  A dire elephant (Lair:5)
  4 hydras
  2 catoblepae
  Harold (Orc:1)
  A rakshasa (D:15)
  12 anacondas
  2 salamander tyrants (Snake:4)
  2 centaur warriors (D:13)
  2 two-headed ogres
  A deep troll shaman (Lair:5)
  3 boulder beetles
  9 naga warriors
  Erica (Orc:1)
  5 death yaks (Lair:5)
  8 orc high priests
  3 tengu warriors
  13 naga sharpshooters
  7 shock serpents
  Nergalle (Orc:1)
  A fire crab (shapeshifter) (D:14)
  5 skeletal warriors
  Lodul (D:13)
  A salamander mystic (Snake:4)
  5 naga ritualists
  A bog body (Lair:2)
  An arcanist (D:14)
  A harpy (shapeshifter) (D:13)
  2 deep elf pyromancers (D:15)
  A necromancer (D:15)
  2 orc sorcerers
  2 wolf spider zombies (D:15)
  5 orc knights
  An oklob plant (D:11)
  5 cyclopes
  9 mana vipers
  3 deep elf zephyrmancers (D:15)
  14 ugly things
  2 manticores (D:11)
  2 kobold blastminers
  3 ice statues (IceCv)
  6 elephants
  8 salamanders
  2 guardian serpents
  40 black mambas
  A torpor snail (Lair:5)
  A centaur zombie (D:15)
  2 gargoyles
  5 centaur skeletons
  9 naga magi
  9 cane toads
  A rime drake (Lair:5)
  19 komodo dragons
  2 unseen horrors (D:11)
  5 kobold demonologists
  5 yaktaurs (D:13)
  A tengu conjurer (D:13)
  A burning bush (Lair:4)
  2 freezing wraiths
  An anaconda simulacrum (IceCv)
  4 trolls
  A polar bear (shapeshifter) (D:14)
  A polar bear (Lair:1)
  2 meliai (D:14)
  A wolf spider simulacrum (D:15)
  2 hornets
  16 blink frogs
  16 dream sheep (Lair:5)
  11 slime creatures
  2 spectral black mambas (Lair:5)
  2 vampires
  2 shadows (D:12)
  A centaur simulacrum (D:15)
  A dire elephant simulacrum (IceCv)
  42 yaks
  3 wraiths
  5 wyverns
  2 basilisks
  2 death yak simulacra (IceCv)
  7 wargs (Orc:2)
  2 steam dragons (D:6)
  7 vampire mosquitoes
  35 nagas
  2 acid dragons
  7 water moccasins
  29 orc warriors
  An ice beast (D:7)
  3 black bears
  3 black mamba simulacra (Lair:5)
  15 ogres
  7 centaurs
  16 wolves
  4 boggarts (D:14)
  5 kobold brigands
  4 gnoll sergeants
  6 bullfrogs
  2 scorpions
  A cane toad simulacrum (IceCv)
  5 wights (D:10)
  17 killer bees
  2 elephant simulacra (IceCv)
  6 howler monkeys
  10 electric eels
  2 hounds
  Crazy Yiuf (D:3)
  22 orc priests
  3 iron imps (D:3)
  2 jellies
  3 gnoll boudas
  5 iguanas
  A sleepcap (D:8)
  Terence (D:3)
  17 orc wizards
  2 wolf simulacra (IceCv)
  39 gnolls
  20 adders
  3 shadow imps
  4 white imps
  4 ufetubi (D:6)
  4 worms
  4 dart slugs
  64 orcs
  4 ball pythons
  4 bats
  4 endoplasms
  4 giant cockroaches
  10 goblins
  16 hobgoblins
  6 jackals
  10 kobolds
  2 quokkas
  8 frilled lizards
  4 rats
855 creatures vanquished.

Vanquished Creatures (others)
  Nessos (D:14)
  A spectral hydra (Lair:5)
  A shadow (D:6)
  2 nagas
  An ice beast (D:6)
  A gnoll bouda (D:6)
  An orc wizard (D:3)
  2 gnolls (D:6)
  A shadow imp (D:6)
11 creatures vanquished.

Grand Total: 866 creatures vanquished

Notes
Turn   | Place    | Note
-------+----------+-------------------------------------------
     0 | D:1      | greenreed the Minotaur Fighter began the quest for the Orb.
     0 | D:1      | Reached XP level 1. HP: 19/19 MP: 0/0
   138 | D:1      | Reached XP level 2. HP: 25/27 MP: 1/1
   622 | D:2      | Reached skill level 4 in Fighting
   683 | D:2      | Found a faded altar of an unknown god.
   741 | D:2      | Reached XP level 3. HP: 24/33 MP: 2/2
   822 | D:2      | Reached XP level 4. HP: 39/41 MP: 3/3
  1474 | D:3      | Noticed Terence
  1474 | D:3      | Noticed a scorpion
  1488 | D:3      | Killed a scorpion
  1489 | D:3      | Reached skill level 1 in Long Blades
  1489 | D:3      | Reached XP level 5. HP: 33/47 MP: 4/4
  1497 | D:3      | Killed Terence
  1498 | D:3      | Reached skill level 5 in Fighting
  1953 | D:3      | Found a runed translucent door.
  1954 | D:3      | Noticed Crazy Yiuf
  1960 | D:3      | Killed Crazy Yiuf
  2058 | D:3      | Found a shimmering blue altar of Sif Muna.
  2069 | D:3      | Reached XP level 6. HP: 50/56 MP: 5/5
  2092 | D:3      | Found an ancient bone altar of Kikubaaqudgha.
  2201 | D:3      | Got Kikubaaqudgha's Meditations on Profane Ceremonies
  2207 | D:3      | Found a radiant altar of Vehumet.
  2395 | D:3      | Found a shadowy altar of Dithmenos.
  2395 | D:3      | Found an ornate altar of the Wu Jian Council.
  2397 | D:3      | Found a sacrificial altar of Ru.
  2398 | D:3      | Found a snail-covered altar of Cheibriados.
  2407 | D:3      | Became a worshipper of the Wu Jian Council
  2458 | D:3      | Found a burning altar of Makhleb.
  2485 | D:3      | Reached skill level 5 in Shields
  2658 | D:4      | Reached skill level 5 in Armour
  2727 | D:4      | Reached XP level 7. HP: 58/62 MP: 6/6
  2804 | D:4      | Reached skill level 6 in Fighting
  2899 | D:4      | Reached skill level 1 in Evocations
  2919 | D:4      | Reached * piety under Wu Jian
  3193 | D:5      | Entered Level 5 of the Dungeon
  3444 | D:5      | Reached skill level 5 in Maces & Flails
  3477 | D:5      | Reached XP level 8. HP: 71/71 MP: 7/7
  3508 | D:5      | Found a staircase to the Ecumenical Temple.
  3521 | D:5      | Reached skill level 5 in Long Blades
  3574 | Temple   | Entered the Ecumenical Temple
  3651 | D:5      | Reached ** piety under Wu Jian
  3733 | D:5      | Found Nuexas's Armour Shoppe.
  3768 | D:5      | Reached skill level 7 in Fighting
  4007 | D:6      | Identified the +3 leather armour "Adghuipoju" {Dex+3}
  4639 | D:7      | Reached skill level 8 in Fighting
  4674 | D:7      | Found a shimmering altar of Xom.
  4909 | D:7      | Reached XP level 9. HP: 81/81 MP: 8/8
  5150 | D:7      | Reached *** piety under Wu Jian
  5521 | D:8      | Found a flagged portal.
  5542 | Bailey   | Entered a bailey
  5595 | Bailey   | Noticed an orc knight
  5611 | Bailey   | Reached skill level 9 in Fighting
  5630 | Bailey   | Killed an orc knight
  5825 | Bailey   | Reached XP level 10. HP: 92/92 MP: 9/9
  6188 | Bailey   | Found an iron altar of Okawaru.
  6188 | Bailey   | Noticed an orc high priest
  6195 | Bailey   | Noticed a smoke demon
  6195 | Bailey   | Gained mutation: Your spells are a little harder to cast,
                  | but a little more powerful. [a neqoxec]
  6203 | Bailey   | Reached skill level 10 in Fighting
  6204 | Bailey   | Killed an orc high priest
  6278 | Bailey   | Reached skill level 12 in Fighting
  6278 | Bailey   | Reached XP level 11. HP: 104/104 MP: 10/10
  6304 | D:8      | Acquired the +0 cloak of the Depths {rElec rC+ Str-5}
  6318 | D:8      | Acquired a manual of Shields
  6453 | D:8      | Reached **** piety under Wu Jian
  6758 | D:9      | Paralysed by a hornet for 2 turns
  7024 | D:9      | Reached skill level 10 in Shields
  7319 | D:9      | Found an opulent altar of Gozag.
  7320 | D:9      | Found a glowing silver altar of Zin.
  7528 | D:10     | Entered Level 10 of the Dungeon
  7542 | D:10     | Reached skill level 13 in Fighting
  8086 | D:5      | Bought a +1 buckler of reflection for 148 gold pieces
  8086 | D:5      | Bought the +3 pair of seven-league boots {Rampage+∞} for
                  | 440 gold pieces
  8086 | D:5      | Found the +3 pair of seven-league boots {Rampage+∞}
  8347 | D:11     | Noticed an oklob plant
  8348 | D:11     | Found a staircase to the Lair.
  8731 | D:11     | Reached XP level 12. HP: 98/115 MP: 11/11
  8787 | D:11     | Reached skill level 10 in Armour
  8841 | D:11     | Reached ***** piety under Wu Jian
  9209 | D:12     | Noticed a two-headed ogre
  9224 | D:12     | Killed a two-headed ogre
  9272 | D:12     | Reached skill level 14 in Fighting
  9339 | D:12     | Noticed a boulder beetle
  9354 | D:12     | Killed a boulder beetle
  9410 | D:12     | Found Qaicel's Weapon Shoppe.
  9410 | D:12     | Found a staircase to the Orcish Mines.
  9485 | D:12     | Identified the +2 pair of gloves of the Doldrums {rN+ Int-2
                  | Slay+2}
  9792 | D:13     | Noticed a tengu warrior
  9817 | D:13     | Killed a tengu warrior
  9817 | D:13     | Noticed Lodul
  9923 | D:13     | Noticed a centaur warrior
  9939 | D:13     | Killed a centaur warrior
 10031 | D:13     | Noticed a centaur warrior
 10036 | D:13     | Killed a centaur warrior
 10037 | D:13     | Reached skill level 15 in Fighting
 10165 | D:13     | Reached XP level 13. HP: 126/126 MP: 12/12
 10180 | D:13     | Killed Lodul
 10321 | D:13     | Found a gate to the Vaults.
 10578 | D:13     | Reached skill level 16 in Fighting
 10744 | D:14     | Found a transporter.
 10839 | D:14     | Found a shimmering blue altar of Sif Muna.
 10874 | D:14     | Found a transporter.
 10890 | D:14     | Learned a level 3 spell: Fugue of the Fallen
 11181 | D:14     | Noticed Nessos
 11183 | D:14     | Reached ****** piety under Wu Jian
 11197 | D:14     | Killed Nessos
 11282 | D:15     | Entered Level 15 of the Dungeon
 11428 | D:15     | Reached skill level 15 in Shields
 11429 | D:15     | Reached skill level 17 in Fighting
 11786 | D:15     | Reached XP level 14. HP: 114/139 MP: 13/13
 12045 | D:15     | Found a staircase to the Depths.
 12144 | Lair:1   | Entered Level 1 of the Lair of Beasts
 12210 | Lair:1   | Reached skill level 18 in Fighting
 13471 | Lair:2   | Found a staircase to the Swamp.
 13986 | Lair:3   | Found a staircase to the Snake Pit.
 13986 | Lair:3   | You fall into a shaft and drop 2 floors!
 13986 | Lair:5   | Entered Level 5 of the Lair of Beasts
 14146 | Lair:5   | Reached skill level 19 in Fighting
 14464 | Lair:4   | Found a viscous altar of Jiyva.
 14542 | Lair:4   | Found a staircase to the Slime Pits.
 15014 | Lair:3   | Reached XP level 15. HP: 138/152 MP: 14/14
 15298 | Lair:3   | Reached skill level 15 in Long Blades
 15609 | Lair:5   | Found a runed translucent gate.
 15611 | Lair:5   | Found a runed translucent gate.
 15617 | Lair:5   | Found a runed translucent gate.
 16021 | Lair:5   | Noticed Laraso's ghost (journeyman TrCA)
 16093 | Lair:5   | Killed Laraso's ghost
 16117 | Lair:5   | Lost mutation: Your spells are a little harder to cast, but
                  | a little more powerful. [potion of mutation]
 16117 | Lair:5   | Gained mutation: Your muscles are strong. (Str +4, Int/Dex
                  | -1) [potion of mutation]
 16117 | Lair:5   | Gained mutation: Your muscles are very strong. (Str +8,
                  | Int/Dex -2) [potion of mutation]
 16118 | Lair:5   | Lost mutation: Your muscles are very strong. (Str +8,
                  | Int/Dex -2) [potion of mutation]
 16118 | Lair:5   | Lost mutation: Your muscles are strong. (Str +4, Int/Dex
                  | -1) [potion of mutation]
 16118 | Lair:5   | Gained mutation: Your spells are a little harder to cast,
                  | but a little more powerful. [potion of mutation]
 16118 | Lair:5   | Lost mutation: Your spells are a little harder to cast, but
                  | a little more powerful. [potion of mutation]
 16118 | Lair:5   | Gained mutation: You have sharp toenails. [potion of
                  | mutation]
 16119 | Lair:5   | Lost mutation: You have sharp toenails. [potion of
                  | mutation]
 16119 | Lair:5   | Gained mutation: You are partially covered in iridescent
                  | scales. (AC +2) [potion of mutation]
 16120 | Lair:5   | Lost mutation: You are partially covered in iridescent
                  | scales. (AC +2) [potion of mutation]
 16120 | Lair:5   | Gained mutation: Your system is resistant to poisons.
                  | (rPois) [potion of mutation]
 16120 | Lair:5   | Gained mutation: You have large cloven feet. [potion of
                  | mutation]
 16298 | Lair:5   | Reached skill level 20 in Fighting
 16340 | Lair:5   | Identified the +1 leather armour "Fibuh" {rN+ Dex+2}
 16581 | Orc:1    | Entered Level 1 of the Orcish Mines
 16634 | Orc:2    | Entered Level 2 of the Orcish Mines
 16651 | Orc:2    | Found a staircase to the Elven Halls.
 16744 | Orc:1    | Noticed Erica
 16753 | Orc:1    | Killed Erica
 17127 | Orc:2    | Reached skill level 15 in Armour
 17154 | Orc:2    | Found Vauts's Magic Scroll Shop.
 17251 | Orc:1    | Found a frozen archway.
 17263 | IceCv    | Entered an ice cave
 17410 | IceCv    | Identified the ring "Xuavun" {rN+ Will+}
 17421 | IceCv    | Identified the amulet of Milaser {Acrobat +Blink rN++ Str-2
                  | Stlth+}
 17823 | Orc:2    | Found Commevihi's Weapon Boutique.
 17906 | Orc:2    | Bought a scroll of acquirement for 780 gold pieces
 17906 | Orc:2    | Bought a scroll of identify for 30 gold pieces
 17906 | Orc:2    | Bought a scroll of identify for 30 gold pieces
 17906 | Orc:2    | Bought a scroll of identify for 30 gold pieces
 17906 | Orc:2    | Bought a scroll of identify for 30 gold pieces
 17906 | Orc:2    | Bought a scroll of identify for 30 gold pieces
 17908 | Orc:2    | Acquired 706 gold pieces
 17965 | Orc:2    | Found Gaokuon's Antique Weapon Boutique.
 18254 | Orc:1    | Noticed Harold
 18263 | Orc:1    | Killed Harold
 18303 | Orc:1    | Noticed Nergalle
 18307 | Orc:1    | Killed Nergalle
 18458 | Orc:1    | You fall into a shaft and drop 1 floor!
 18643 | Snake:1  | Entered Level 1 of the Snake Pit
 18955 | Snake:1  | Reached XP level 16. HP: 109/165 MP: 2/15
 18964 | Snake:1  | Reached skill level 21 in Fighting
 19940 | Snake:2  | Noticed Agnes
 19953 | Snake:1  | Killed Agnes
 20551 | Snake:2  | Noticed Frances
 20556 | Snake:2  | Killed Frances
 21016 | Snake:2  | HP: 8/168 [poisoned by a naga warrior (splash of poison)]
 21421 | Snake:2  | Reached skill level 22 in Fighting
 21452 | Snake:2  | Noticed Roxanne
 21471 | Snake:2  | Killed Roxanne
 23176 | Snake:4  | Entered Level 4 of the Snake Pit
 23742 | Snake:4  | Reached XP level 17. HP: 54/178 MP: 9/16
 24558 | Snake:4  | HP: 8/178 [naga/+0 scimitar (37)]
 24558 | Snake:4  | Demolished by a naga warrior

Illustrated notes

Levels and vault maps discovered:
D:1:      saegor_arrival_simple_a, layout_rooms, minmay_bisected
D:2:      minmay_spotlight, layout_loops_ring, shapermc_ecumenical_altar_venn,
          kennysheep_generic_room_9
D:3:      layout_basic, palyth_temple_overflow_mages, demons_altar, minitemple,
          uniq_terence, uniq_crazy_yiuf_cottage
D:4:      layout_gridville
D:5:      layout_rooms, minmay_temple_entry_mini_moons, serial_shops,
          nicolae_take_the_stairs, chequers_serial_rivers_small_b,
          minmay_misc_feat_plants
D:6:      layout_rooms
D:7:      layout_basic, mainiacjoe_overflow_cross_hatched, kennysheep_potato
D:8:      layout_rooms, enter_bailey_2
D:9:      layout_irregular_city, grunt_temple_overflow_gold_and_silver
D:10:     layout_cave_pools
D:11:     layout_basic, dpeg_oklobed_lair
D:12:     kennysheep_six_static_rooms, layout_rooms, orc_david_3
D:13:     layout_cave_pools, hangedman_vaults_entry_quadrant_bands, uniq_lodul
D:14:     gammafunk_the_bubble [the_bubble_gammafunk_split], layout_small_grid,
          lemuel_blue_sif_altar, eino_jars, uniq_nessos
D:15:     grunt_enter_depths_magical_seal, layout_long_grid
Temple:   nicolae_temple_bog_church
Lair:1:   layout_cave_pods, cheibrodos_lair_caveside_slide,
          infiniplex_staircase_pool_2, grunt_megastairs_5
Lair:2:   minmay_lair_venomous_thicket, layout_misc_corridors,
          nicolae_swamp_entry_splash_gauntlet, nicolae_quartered_pool_little,
          hibernation_bobbens, serial_bayou_shore_a
Lair:3:   layout_misc_corridors, minmay_snake_entry_guardpost_small
Lair:4:   layout_cave_pods, slime_entry_1, evilmike_ambush
          [evilmike_ambush_outer_pillars, evilmike_ambush_inner_wall_2],
          grunt_megastairs_2
Lair:5:   grunt_lair_end_beastmaster, layout_regular_city,
          gammafunk_ghost_necromancy, lemuel_old_faithful
Snake:1:  layout_chambers
Snake:2:  layout_basic, uniq_agnes, uniq_frances, uniq_roxanne
Snake:3:  layout_chambers, nicolae_integral_box
Snake:4:  hellmonk_snake_rune_quicksilver_temple, layout_grid_maze,
          hellmonk_scale_shop
Orc:1:    layout_diamond_mine, portal_ice_cave_entry_pillars_1, uniq_nergalle,
          uniq_harold, uniq_erica
Orc:2:    st_orc_town, layout_diamond_mine, basic_altar, guppyfry_library_mini

Skill      XL: |  1  2  3  4  5  6  7  8  9 10 11 12 13 14 15 16 17 |
---------------+----------------------------------------------------+-----
Shields        | 4 5 6 7 9 10 12 15 17 19 20 | 20.0
Fighting       | 4 5 6 8 9 12 13 15 17 19 20 22 | 22.5
Armour         | 4 5 6 7 9 11 12 14 15 16 | 16.6
Maces & Flails | 3 4 5 |  5.8
Long Blades    | 1 2 3 4 6 8 11 12 14 16 17 | 17.2
Evocations     | 1 2 4 |  4.7

Action                     |  1- 3 |  4- 6 |  7- 9 | 10-12 | 13-15 | 16-18 || total
---------------------------+-------+-------+-------+-------+-------+-------++-------
  Melee: Flail             |    62 |     2 |       |       |       |       ||    64
         Headbutt          |    10 |    29 |    88 |   161 |   460 |   191 ||   939
         Whip              |       |   175 |   155 |       |    27 |       ||   357
         Demon blade       |       |       |   293 |   726 |  1733 |   783 ||  3535
 Invoke: Serpent's Lash    |       |       |       |       |       |     2 ||     2
Ability: Lunge             |       |     5 |    32 |    43 |    96 |    44 ||   220
         Whirlwind         |       |       |    73 |   131 |   299 |   129 ||   632
         Wall Jump         |       |       |       |    12 |    15 |     6 ||    33
  Evoke: Wand              |       |       |       |       |       |     2 ||     2
    Use: Potion            |       |       |       |     2 |     4 |       ||     6
         Scroll            |       |       |       |    13 |    15 |     3 ||    31
   Stab: Petrifying        |       |       |       |       |     2 |       ||     2
         Petrified         |       |       |       |       |    14 |       ||    14
         Held in net/web   |       |       |       |       |     1 |       ||     1
 Armour: Scale mail        |    44 |       |       |       |       |       ||    44
         Plate armour      |       |    39 |       |       |       |       ||    39
         Chain mail        |       |    90 |   329 |   390 |   976 |   495 ||  2280
  Dodge: Dodged            |    31 |    32 |   146 |   151 |   293 |   174 ||   827
  Block: Buckler           |    13 |    27 |    97 |   180 |   485 |   272 ||  1074
         Reflection        |       |       |       |     4 |    18 |    43 ||    65

Table legend: (Time is in decaauts)
 A = Elapsed time spent in this place.
 B = Non-inter-level travel time spent in this place.
 C = Inter-level travel time spent in this place.
 D = Time resting spent in this place.
 E = Time spent auto-exploring this place.
 F = Levels seen in this place.
 G = Mean time per level.
                   A        B        C        D        E       F      G
               +--------+--------+--------+--------+--------+-----+--------+
         Total |  23932 |  22364 |   1568 |   1123 |  16001 |  29 |  825.2 |
       Dungeon |  11375 |  10474 |    901 |    124 |   7852 |  15 |  758.3 |
        Temple |      1 |      1 |      0 |      0 |      0 |   1 |    1.0 |
          Lair |   4227 |   4004 |    223 |      0 |   3152 |   5 |  845.4 |
     Snake Pit |   5708 |   5583 |    125 |    964 |   3759 |   4 | 1427.0 |
  Orcish Mines |   1641 |   1323 |    318 |      0 |    771 |   2 |  820.5 |
        Bailey |    766 |    766 |      0 |     35 |    401 |   1 |  766.0 |
      Ice Cave |    211 |    211 |      0 |      0 |     65 |   1 |  211.0 |
               +--------+--------+--------+--------+--------+-----+--------+

Top non-repeatable levels by time:
 Snake:1: 1729 daAuts
 Snake:3: 1678 daAuts
     D:3: 1268 daAuts
 Snake:2: 1182 daAuts
 Snake:4: 1118 daAuts
   Orc:2: 1085 daAuts
  Lair:5: 1049 daAuts
    D:11: 934 daAuts
  Lair:1: 894 daAuts
  Lair:2: 887 daAuts
     D:2: 834 daAuts
     D:9: 816 daAuts
     D:7: 802 daAuts
    D:13: 780 daAuts
  Bailey: 766 daAuts
